Map: Ruins of Seras

Players

fOru - Winner!

  • Race: Terran Terran
  • League: Diamond

ReacH

  • Race: Protoss Protoss
  • League: Platinum

VOD

Have the link to the VOD?

Description

Time

  • Played on: Feb. 24, 2016, 4:19 p.m.
  • Length: 14:56
Show
View Real Time Build Order
Export as new Build Order

fOru Terran - Winner!

Build Orders: Reaper Expand, MMM Bio 

Get SALT Encoding   

  12  0:01  SCV  
  13  0:13  SCV  
  14  0:18  Supply Depot  
  14  0:25  SCV  
  15  0:39  SCV  
  15  0:41  Barracks  
  16  0:49  Refinery  
  16  0:53  SCV  
  17  1:05  SCV  
  18  1:21  SCV  
  19  1:35  Reaper, Orbital Command  
  20  1:51  Command Center  
  20  2:02  SCV  
  21  2:14  SCV  
  22  2:17  Factory  
  22  2:20  Refinery  
  22  2:26  SCV  
  22  2:27  Supply Depot  
  23  2:31  Barracks Reactor  
  23  2:49  Engineering Bay, SCV  
  24  3:01  SCV  
  24  3:03  Barracks  
  25  3:06  Starport  
  25  3:13  SCV  
  25  3:15  Orbital Command  
  26  3:23  Marine x2  
  26  3:25  SCV  
  28  3:27  Widow Mine  
  30  3:41  Marine x2  
  32  3:50  Medivac  
  32  3:52  Barracks Tech Lab  
  35  3:55  Widow Mine  
  35  3:58  Missile Turret  
  36  4:07  SCV  
  37  4:14  Marine x3  
  37  4:15  Stimpack  
  39  4:19  SCV  
  40  4:24  Orbital Command  
  40  4:31  Starport Reactor, SCV  
  40  4:32  Marine x3  
  40  4:37  Barracks  
  44  4:43  SCV  
  44  4:44  Terran Infantry Weapons Level 1  
  45  4:59  SCV  
  46  5:07  Supply Depot x3  
  46  5:11  Factory Reactor  
  46  5:18  Marine, SCV  
  46  5:22  SCV  
  46  5:28  Marine  
  47  5:46  Marine x3  
  47  5:48  SCV x2  
  52  5:53  Medivac x2  
  52  5:54  Command Center  
  56  5:58  Barracks  
  56  6:00  SCV x2  
  56  6:01  Refinery x2  
  56  6:02  Barracks  
  56  6:04  Marine  
  58  6:06  Marine, Barracks Tech Lab  
  60  6:12  SCV  
  60  6:15  SCV  
  62  6:24  Supply Depot x2, SCV  
  62  6:25  Supply Depot  
  63  6:27  SCV  
  64  6:36  SCV  
  64  6:38  Terran Infantry Armor Level 1  
  64  6:40  SCV  
  62  6:48  SCV  
  62  6:52  SCV  
  62  7:00  SCV  
  60  7:04  Marauder, Marine x3, SCV  
  60  7:05  Marauder  
  67  7:13  SCV  
  66  7:16  SCV  
  64  7:25  SCV  
  64  7:28  Combat Shields, SCV  
  66  7:32  Medivac x2  
  66  7:34  Orbital Command  
  70  7:37  SCV  
  70  7:40  SCV  
  70  7:42  Marauder x2, Marine x2  
  78  7:46  Factory Reactor  
  78  7:49  SCV  
  79  7:52  SCV  
  79  7:55  Supply Depot, Missile Turret  
  80  8:00  Marine x2  
  80  8:01  Marine, SCV  
  80  8:04  Marauder x2, SCV  
  89  8:09  Barracks Tech Lab  
  89  8:12  Medivac x2  
  93  8:13  Marine, SCV  
  93  8:16  SCV x2  
  93  8:17  Marine  
  93  8:18  Marine  
  99  8:23  Missile Turret  
  99  8:25  SCV  
  99  8:26  Missile Turret  
  100  8:28  SCV  
  100  8:29  Marine x2  
  100  8:32  Widow Mine  
  105  8:43  Barracks  
  105  8:44  Barracks  
  99  8:58  Command Center  
  99  9:06  Engineering Bay, SCV x3  
  99  9:08  Armory  
  102  9:15  Marine  
  102  9:16  Barracks, Marauder, Marine  
  106  9:33  Starport  
  106  9:36  SCV x2  
  106  9:37  SCV  
  109  9:39  Refinery  
  109  9:40  Refinery, Factory Reactor  
  109  9:46  Marauder, Barracks Tech Lab  
  109  9:47  Barracks Reactor  
  109  9:48  SCV  
  109  9:49  SCV x2  
  109  9:50  Marine  
  109  9:51  Marauder  
  117  9:53  Liberator x2  
  117  9:57  Supply Depot  
  117  9:58  Supply Depot, Terran Infantry Weapons Level 2  
  117  10:01  Terran Infantry Armor Level 2  
  117  10:04  Concussive Shells  
  117  10:10  Marauder  
  125  10:14  Terran Ship Weapons Level 1  
  125  10:16  Marine x3  
  125  10:17  Marauder x2  
  125  10:18  Marine  
  125  10:19  Marauder  
  134  10:34  Marauder, Marine x5  
  138  10:35  Liberator x2  
  138  10:38  Marauder x2, Marine  
  138  10:40  Marauder  
  128  10:47  Liberator  
  125  10:51  Marine  
  125  10:52  Marine  
  125  10:56  Marauder  
  134  10:58  Liberator  
  134  11:00  Marine  
  134  11:01  Marauder x2, Marine x3  
  134  11:02  Marauder  
  137  11:09  Marine  
  137  11:10  Planetary Fortress  
  141  11:17  Marauder  
  146  11:33  Supply Depot  
  146  11:34  Supply Depot x2  
  146  11:35  Marine x2  
  146  11:37  Missile Turret, Supply Depot  
  148  11:47  Liberator  
  148  11:55  Marauder x2, Marine x6  
  148  11:56  Marauder x2, Supply Depot, Liberator x2  
  148  11:58  Widow Mine x2  
  166  12:07  SCV x3  
  173  12:24  Marine  
  173  12:25  Marauder x2, Marine x4  
  173  12:27  Widow Mine x2  
  186  12:37  Marine x2  
  186  12:39  Marauder  
  188  12:51  Marine  
  188  12:52  Marine x2  
  188  12:53  Marine x2  
  188  12:54  Marauder x2  
  167  13:03  Marauder, Marine x2  
  137  13:09  Marine, Widow Mine x2  
  137  13:10  Marine x2  
  137  13:12  Medivac  
  133  13:16  Marauder x2  
  129  13:21  Marauder  
  129  13:25  Marauder  
  128  13:29  Medivac  
  128  13:30  Medivac x2  
  119  13:41  Medivac  
  119  13:42  Marine x4  
  119  13:43  Marauder x3, Marine, Liberator  
  132  13:56  Marine  
  132  13:57  Marauder  
  132  13:59  Medivac x2  
  132  14:00  Marine x2  
  144  14:04  Marauder x2  
  144  14:09  Marauder, Marine x2  
  151  14:18  Marauder  
  144  14:35  Marine x3  
  144  14:36  Marine  
Show
View Real Time Build Order
Export as new Build Order

ReacH Protoss 

Build Orders: 1 Gate Expand 

Get SALT Encoding   

  12  0:01  Probe (Chrono Boost)  
  13  0:11  Probe (Chrono Boost)  
  14  0:20  Pylon  
  14  0:23  Probe (Chrono Boost)  
  15  0:38  Probe (Chrono Boost)  
  15  0:41  Gateway  
  16  0:47  Assimilator  
  16  0:49  Probe (Chrono Boost)  
  17  0:59  Probe (Chrono Boost)  
  18  1:10  Probe (Chrono Boost)  
  19  1:25  Nexus  
  19  1:29  Probe (Chrono Boost)  
  20  1:39  Cybernetics Core  
  20  1:41  Probe (Chrono Boost)  
  20  1:46  Assimilator  
  21  1:54  Pylon  
  21  1:56  Probe (Chrono Boost)  
  22  2:07  Probe (Chrono Boost)  
  23  2:15  Stalker (Chrono Boost)  
  25  2:16  Warp Gate  
  25  2:22  Probe  
  26  2:35  Mothership Core  
  28  2:44  Probe  
  28  2:45  Stalker (Chrono Boost)  
  31  2:54  Probe  
  31  2:56  Probe  
  33  3:06  Probe (Chrono Boost)  
  33  3:07  Robotics Facility  
  33  3:08  Probe (Chrono Boost)  
  33  3:11  Adept  
  37  3:17  Probe (Chrono Boost)  
  37  3:19  Probe (Chrono Boost)  
  38  3:25  Pylon  
  38  3:28  Probe (Chrono Boost)  
  39  3:35  Pylon  
  39  3:37  Pylon  
  39  3:39  Probe (Chrono Boost)  
  40  3:43  Probe (Chrono Boost)  
  40  3:45  Adept  
  43  3:50  Probe (Chrono Boost)  
  43  3:54  Probe (Chrono Boost)  
  43  3:55  Warp Prism (Chrono Boost)  
  45  4:00  Pylon  
  45  4:01  Probe  
  48  4:04  Probe  
  49  4:13  Probe  
  49  4:14  Mothership Core  
  50  4:25  Probe  
  51  4:33  Probe  
  51  4:36  Gateway  
  51  4:37  Gateway, Probe  
  53  4:41  Observer (Chrono Boost)  
  53  4:44  Probe  
  53  4:45  Pylon  
  54  4:49  Pylon  
  54  4:52  Probe  
  51  4:54  Probe  
  52  5:08  Probe  
  52  5:10  Probe  
  45  5:32  Probe  
  46  5:38  Probe  
  47  5:44  Immortal (Chrono Boost)  
  47  5:47  Twilight Council  
  47  5:49  Assimilator  
  51  5:51  Stalker, Assimilator  
  53  6:01  Probe  
  53  6:03  Probe  
  55  6:12  Probe  
  56  6:20  Immortal (Chrono Boost), Probe  
  56  6:22  Probe  
  56  6:25  Pylon  
  62  6:33  Adept  
  62  6:34  Adept  
  66  6:42  Probe  
  66  6:43  Probe  
  66  6:53  Probe  
  66  6:54  Probe  
  66  6:58  Immortal (Chrono Boost)  
  72  7:04  Probe  
  72  7:06  Probe  
  74  7:15  Stalker  
  74  7:16  Stalker  
  74  7:18  Resonating Glaives (Chrono Boost)  
  74  7:19  Probe  
  71  7:24  Gateway  
  71  7:26  Nexus, Pylon  
  71  7:27  Gateway  
  71  7:28  Pylon  
  71  7:40  Pylon  
  71  7:42  Forge, Pylon  
  71  7:44  Sentry x2  
  71  7:45  Forge  
  75  7:55  Pylon  
  75  7:56  Sentry  
  77  7:59  Immortal  
  81  8:12  Adept x2  
  85  8:17  Templar Archives  
  85  8:20  Protoss Ground Weapons Level 1 (Chrono Boost)  
  85  8:23  Protoss Ground Armor Level 1 (Chrono Boost), Sentry  
  87  8:35  Adept  
  87  8:36  Adept x3  
  95  8:47  Psionic Storm  
  95  8:52  Nexus  
  95  9:03  High Templar x2  
  95  9:04  High Templar  
  95  9:07  High Templar  
  103  9:22  Pylon  
  103  9:28  Adept  
  105  9:33  Gateway  
  105  9:36  Gateway, Pylon  
  105  9:46  Robotics Facility  
  105  9:51  Robotics Bay  
  105  10:14  Protoss Ground Armor Level 2 (Chrono Boost), Protoss Ground Weapons Level 2 (Chrono Boost)  
  105  10:18  Probe, Blink  
  105  10:20  Probe x2  
  108  10:22  Assimilator  
  108  10:24  Assimilator  
  108  10:32  Probe x2  
  90  11:00  Immortal (Chrono Boost)  
  90  11:02  Stalker x2  
  90  11:03  Stalker x3, Colossus (Chrono Boost)  
  100  11:10  Probe x3  
  101  11:22  Probe  
  102  11:25  Gateway  
  102  11:26  Gateway  
  102  11:27  Extended Thermal Lance (Chrono Boost), Pylon  
  103  11:40  Observer (Chrono Boost)  
  103  11:44  Probe x2  
  105  11:48  Pylon  
  105  11:49  High Templar  
  105  11:50  High Templar  
  105  11:51  Stalker  
  105  11:52  Stalker  
  114  11:54  Archon, Observer (Chrono Boost)  
  114  11:59  Observer (Chrono Boost)  
  115  12:04  Pylon  
  115  12:14  High Templar  
  115  12:15  High Templar  
  119  12:29  Zealot x7  
  133  12:38  Pylon  
  133  12:42  Pylon  
  133  12:51  Stalker x3  
  133  12:52  Stalker x4  
  119  13:00  Archon  
  119  13:04  Zealot x2  
  84  13:19  High Templar x2  
  80  13:20  Stalker x4  
  80  13:25  Archon  
  84  13:30  Zealot x3  
  68  13:45  Probe  
  68  13:48  Stalker x3  
  59  13:50  High Templar  
  59  13:52  Probe  
  60  14:04  High Templar x2  
  54  14:31  Archon  
  54  14:35  High Templar x2  
  54  14:36  Stalker x2  
  54  14:37  Stalker x2  
  60  14:48  Zealot x2  
Tags
 
Add a new tag
Caveats
  • Supply blocks, unpowered buildings, or Contaminate may cause inaccurate times.
  • Supply counts are checked every 10 seconds.